AoeStats
← EL REGRESO DE JD

Black Forest

509723347Analyzed
4v4 RM · 3d ago on Sep 27, 2026· 38m 38s· 8 players
Game mode
Random Map
Map size
Large (8 player)
Population
200
Speed
Normal
Resources
Standard
Victory
Conquest
Starting age
Dark Age
Ending age
Imperial Age
RankedLock teamsTeams togetherTeam positionsShared explorationLock speedFull tech treeHidden civsTurbo modeCheats
Victory
Defeat
🇵🇪 Burmese · Peru
911
+12
🇨🇴 Sicilians · Colombia
901
+12
🇬🇧 Aztecs · United Kingdom
888
+13
🇹🇷 Koreans · Türkiye
880
+13
🇬🇧 Vietnamese · United Kingdom
866
-39
🇷🇺 Bulgarians · Russia
815
-12
🇷🇺 Goths · Russia
797
-33
🇧🇬 Burgundians · Bulgaria
797
-33
Eng - Esp
11:40 Feudal Age
15:13 Castle Age
13:34 Horse Collar
13:51 Double-Bit Axe
14:11 Loom
16:10 Bow Saw
16:42 Heavy Plow
20:45 Gold Mining
Sye the Red Voice
0:27 Loom
16:45 Feudal Age
18:15 Wheelbarrow
17:22 Horse Collar
17:28 Double-Bit Axe
17:34 Gold Mining
17:35 Stone Mining
21:32 Arson
21:08 Man-at-Arms
25:09 Castle Age
23:53 Fletching
24:04 Padded Archer Armor
24:18 Forging
24:08 Scale Mail Armor
27:16 Hand Cart
27:13 Bow Saw
27:09 Heavy Plow
26:56 Crossbowman
26:59 Eagle Warrior
27:00 Pikeman
27:40 Squires
27:04 Long Swordsman
29:41 Stone Shaft Mining
29:46 Gold Shaft Mining
35:24 Gambesons
37:37 Iron Casting
37:17 Chain Mail Armor
36:58 Bodkin Arrow
37:18 Leather Archer Armor
40:53 Imperial Age
39:07 Murder Holes
EL REGRESO DE JD
1:15 Loom
11:56 Feudal Age
13:09 Man-at-Arms
15:27 Arson
17:33 Scale Mail Armor
20:26 Horse Collar
22:46 Town Watch
24:30 Gold Mining
28:27 Castle Age
27:22 Stone Mining
33:03 Imperial Age
32:08 Forging
31:22 Long Swordsman
32:45 Fletching
33:12 Chain Mail Armor
35:48 Gambesons
35:27 Two-Handed Swordsman
37:18 Wheelbarrow
37:42 Iron Casting
38:57 Squires
doktoryigitck
0:28 Loom
14:34 Feudal Age
15:58 Double-Bit Axe
16:31 Stone Mining
19:10 Castle Age
17:07 Horse Collar
18:05 Town Watch
18:16 Gold Mining
20:35 Fervor
25:37 Wheelbarrow
26:03 Sanctity
26:13 Bow Saw
27:21 Heavy Plow
29:27 Gold Shaft Mining
34:09 Imperial Age
33:32 Town Patrol
33:30 Pikeman
35:11 Stone Shaft Mining
34:44 Husbandry
35:46 Conscription
36:51 Block Printing
36:32 Herbal Medicine
38:11 Scale Mail Armor
38:21 Forging
38:02 Fletching
38:18 Scale Barding Armor
38:23 Light Cavalry
38:23 Cavalier
Isya
11:07 Loom
13:47 Feudal Age
14:13 Double-Bit Axe
14:11 Horse Collar
21:28 Castle Age
28:06 Wheelbarrow
30:10 Forging
29:23 Man-at-Arms
32:27 Iron Casting
31:44 Fletching
32:31 Iron Casting
31:21 Long Swordsman
33:10 Elite Skirmisher
34:07 Bodkin Arrow
Kopcap
14:33 Feudal Age
12:52 Loom
19:20 Castle Age
17:58 Stone Mining
23:59 Horse Collar
25:57 Double-Bit Axe
27:53 Gold Mining
28:11 Heavy Plow
34:27 Scale Barding Armor
34:33 Forging
34:24 Scale Mail Armor
38:42 Husbandry
38:52 Bloodlines
Тётя Чика
14:08 Feudal Age
15:55 Double-Bit Axe
15:53 Horse Collar
16:07 Gold Mining
16:07 Stone Mining
27:28 Heavy Plow
29:21 Bow Saw
36:36 Castle Age
35:07 Forging
34:58 Scale Mail Armor
Cybertyank
7:30 Loom
14:05 Feudal Age
15:21 Wheelbarrow
14:33 Horse Collar
17:19 Double-Bit Axe
28:29 Forging
32:07 Scale Mail Armor
32:21 Gold Mining
32:14 Man-at-Arms
Connection lost

Rejoining the realm…

Still unreachable

The connection could not be restored.

Session expired

The server has moved on; the page needs a fresh start.